 Dungeon Crawl Stone Soup version 0.29-a0-271-gd4eb659eea (webtiles) character file.

Game seed: 15873106569433068787

1322 rabbitsville the Reanimator (level 8, -13/52 HPs)
             Began as a Demonspawn Necromancer on Mar 7, 2022.
             Was a Follower of Ru.
             Mangled by an orc warrior
             ... wielding a +0 mace
              (15 damage)
             ... on level 7 of the Dungeon on Mar 8, 2022.
             The game lasted 00:46:44 (8963 turns).

rabbitsville the Reanimator (DsNe)                  Turns: 8963, Time: 00:46:45

Health: -13/52     AC:  5    Str: 10    XL:     8   Next: 33%
Magic:  19/25      EV: 14    Int: 17    God:    Ru [*.....]
Gold:   369        SH:  0    Dex: 14    Spells: 14/18 levels left

rFire   + + .      SeeInvis .   c - +3 dagger
rCold   . . .      Faith    +   (no shield)
rNeg    . . .      Spirit   .   z - +1 robe {rF+}
rPois   +          Reflect  .   j - +0 helmet
rElec   .          Harm     .   (no cloak)
rCorr   .          Rampage  .   (gloves unavailable)
Will    .....                   l - +0 pair of boots
Stlth   +.........              w - amulet of Fragile Peace {Faith rPois rF+ MP+9}
HPRegen 0.17/turn               f - ring of poison resistance
MPRegen 0.19/turn               v - ring of wizardry

@: confused, studying Stealth
A: claws 3, repulsion field 1, disrupted magic 1
a: Renounce Religion


You were on level 7 of the Dungeon.
You worshipped Ru.
Ru was aware of your devotion.
You visited 1 branch of the dungeon, and saw 7 of its levels.

You collected 369 gold pieces.

Inventory:

Hand Weapons
 c - a +3 dagger (weapon)
 d - a +0 short sword
Missiles
 i - 5 datura-tipped darts
Armour
 a - a +0 robe
 j - a +0 helmet (worn)
 l - a +0 pair of boots (worn)
 z - a +1 robe of fire resistance (worn)
Jewellery
 f - a ring of poison resistance (left claw)
 h - a ring of flight
 v - a ring of wizardry (right claw)
 w - the amulet of Fragile Peace (around neck) {Faith rPois rF+ MP+9}
   (You found it on level 4 of the Dungeon)

   [amulet of faith]

   It allows you to gain divine favour quickly.
   rF:        It protects you from fire.
   rPois:     It protects you from poison.
   MP:        It affects your magic capacity (+9).
 B - a ring of protection from fire
Scrolls
 e - 6 scrolls of identify
 g - a scroll of teleportation
 k - a scroll of fog {unknown}
 p - 3 scrolls of vulnerability
 q - 2 scrolls of brand weapon {unknown}
 r - 3 scrolls of amnesia
 s - a scroll of summoning {unknown}
 t - a scroll of enchant armour {unknown}
 u - 2 scrolls of fear {unknown}
 y - a scroll of silence {unknown}
 C - a scroll of torment {unknown}
 D - a scroll of holy word {unknown}
Potions
 b - a potion of magic
 m - 4 potions of attraction
 n - a potion of haste
 o - a potion of mutation
 x - a potion of brilliance
 F - a potion of heal wounds
Miscellaneous
 A - a piece from Xom's chessboard (15/15)


   Skills:
 - Level 1.7 Dodging
 - Level 5.8 Stealth
 * Level 2.4 Unarmed Combat
 + Level 5.6 Spellcasting
 + Level 8.6 Necromancy


You had 14 spell levels left.
You knew the following spells:

 Your Spells              Type           Power      Damage    Failure   Level
a - Pain                  Necr           100%       1d9       1%          1
b - Vampiric Draining     Necr           34%        2d8       1%          3

Your spell library contained the following spells:

 Spells                   Type           Power      Damage    Failure   Level
 Animate Skeleton         Necr           68%        N/A       1%          1
 Animate Dead             Necr           17%        N/A       2%          4
 Agony                    Necr           34%        N/A       6%          5
 Ozocubu's Armour         Ice            4%         N/A       21%         3
 Olgreb's Toxic Radiance  Pois           4%         N/A       52%         4
 Summon Forest            Summ/Tloc      2%         N/A       85%         5
 Summon Mana Viper        Hex/Summ       4%         N/A       85%         5
 Summon Cactus Giant      Summ           2%         N/A       100%        6
 Ozocubu's Refrigeration  Ice            2%         4d5       100%        7
 Ignition                 Fire           2%         3d3       100%        8


Dungeon Overview and Level Annotations

Branches:
Dungeon (7/15)             Temple (0/1) D:5

Altars:
Kikubaaqudgha
Ru
Sif Muna
Trog
Yredelemnul

Shops:
D:4 (   D:5 *(

Annotations:
D:4 2 transporters, Menkaure
D:5 Sigmund
D:6 exclusion: ugly thing, Prince Ribbit


Innate Abilities, Weirdness & Mutations

You have claws for hands.
You are surrounded by a mild repulsion field. (EV +2)
Your casting is slightly disrupted.


Message History

You draw life force from the orc warrior.
You feel life coursing into your body.
The orc shouts!
The orc wizard shouts!
You hear a shout!
The orc warrior hits you with a +0 mace.
* * * LOW HITPOINT WARNING * * *
The orc wizard gestures at you while chanting.
You are confused.
You're too confused to cast spells.
Unknown command.
The orc warrior barely misses you.
The orc wizard gestures at you while chanting.
You are more confused.
The orc wizard gestures at you while chanting.
You are more confused.
The orc warrior attacks as you move away!
The orc warrior barely misses you.
You bump into the rock wall.
The orc warrior hits you with a +0 mace.
* * * LOW HITPOINT WARNING * * *
You bump into the rock wall.
The orc warrior completely misses you.
The orc wizard gestures at you while chanting.
You resist with some effort.
You're too confused to cast spells.
The orc wizard hits you but does no damage.
You bump into the rock wall.
The orc warrior barely misses you.
You're too confused to cast spells.
You bump into the rock wall.
The orc warrior completely misses you. The orc wizard closely misses you.
The orc hits you but does no damage.
You completely miss the orc.
The orc warrior hits you with a +0 mace!
* * * LOW HITPOINT WARNING * * *
The orc wizard barely misses you. The orc hits you with a +3 whip.
* * * LOW HITPOINT WARNING * * *
The orc wizard misses you.
Unknown command.
You're too confused to cast spells.
You hit the orc.
The orc is moderately wounded.
The orc warrior hits you with a +0 mace!
You die...

... #......# ..
##..##..#
.#####...##..######
.##.....##...#....###
..)......#......<...#
.........###...<..###
.........####...o.#
.........o#...#ooo#
..........oo..#o@.#
..........#########
..........(.#..
...............
...............
#..............#
##....#........#.
.#..............
..............#


You could see an orc warrior, 2 orc wizards and 2 orcs.

Vanquished Creatures
  A wyvern (D:7)
  2 ogres (D:4)
  A phantom (D:7)
  Blork the orc (D:5)
  A bullfrog (D:7)
  A necrophage (D:5)
  3 scorpions
  4 jellies
  2 orc priests
  4 hounds
  Jessica (D:3)
  An iguana (D:5)
  Robin (D:1)
  5 gnolls
  4 adders
  4 white imps
  A worm (D:2)
  A dart slug (D:1)
  7 orcs
  6 endoplasms
  2 giant cockroaches
  16 goblins
  8 hobgoblins
  4 jackals (D:4)
  3 quokkas
  7 ball pythons
  5 bats
  2 frilled lizards (D:1)
  6 kobolds
  4 rats
108 creatures vanquished.

Notes
Turn   | Place    | Note
-------+----------+-------------------------------------------
     0 | D:1      | rabbitsville the Demonspawn Necromancer began the quest for
                  | the Orb.
     0 | D:1      | Reached XP level 1. HP: 13/13 MP: 3/3
   456 | D:1      | Gained mutation: You have sharp fingernails. [demonic
                  | ancestry]
   456 | D:1      | Reached XP level 2. HP: 17/19 MP: 3/5
   491 | D:1      | Found a faded altar of an unknown god.
   721 | D:1      | Reached skill level 5 in Necromancy
  1097 | D:2      | Reached XP level 3. HP: 21/24 MP: 2/6
  1771 | D:2      | Noticed Robin
  1979 | D:1      | HP: 1/24 [Robin/+0 short sword (3)]
  1985 | D:1      | Killed Robin
  2335 | D:2      | Gained mutation: You have very sharp fingernails. [demonic
                  | ancestry]
  2335 | D:2      | Reached XP level 4. HP: 26/30 MP: 4/8
  2681 | D:3      | Noticed Jessica
  2694 | D:3      | Killed Jessica
  3045 | D:3      | Reached skill level 6 in Necromancy
  3437 | D:3      | Reached XP level 5. HP: 33/35 MP: 7/9
  3631 | D:4      | Upgraded the game from 0.29-a0-270-g1586fc07ea to
                  | 0.29-a0-271-gd4eb659eea
  3727 | D:4      | Noticed an ogre
  3747 | D:4      | Killed an ogre
  3842 | D:4      | Found a shimmering blue altar of Sif Muna.
  3846 | D:4      | Found a sacrificial altar of Ru.
  3887 | D:4      | Became a worshipper of Ru the Awakened
  4112 | D:4      | Found an ancient bone altar of Kikubaaqudgha.
  4114 | D:4      | Noticed Menkaure
  4175 | D:4      | Reached skill level 7 in Necromancy
  4175 | D:4      | Reached XP level 6. HP: 25/41 MP: 5/11
  4717 | D:4      | Found a basalt altar of Yredelemnul.
  4722 | D:4      | Found a transporter.
  4819 | D:4      | Found Syjax's Weapon Shoppe.
  5034 | D:4      | Identified the amulet of Fragile Peace {Faith rPois rF+
                  | MP+9}
  5472 | D:4      | Found a transporter.
  5625 | D:5      | Entered Level 5 of the Dungeon
  5707 | D:5      | Gained mutation: You are surrounded by a mild repulsion
                  | field. (EV +2) [demonic ancestry]
  5707 | D:5      | Reached XP level 7. HP: 41/46 MP: 13/13
  5828 | D:5      | Found a staircase to the Ecumenical Temple.
  6017 | D:5      | Gained mutation: Your casting is slightly disrupted. [Ru
                  | sacrifice]
  6017 | D:5      | Reached * piety under Ru
  6022 | D:5      | Learned a level 3 spell: Vampiric Draining
  6066 | D:5      | Found Nikoawis's Assorted Antiques.
  6094 | D:5      | Found a bloodstained altar of Trog.
  6484 | D:5      | Noticed Sigmund
  6577 | D:5      | Noticed Blork the orc
  6585 | D:5      | Killed Blork the orc
  6679 | D:5      | Found Kottiboor's Antique Weapon Shoppe.
  6869 | D:6      | Noticed a white ugly thing
  7495 | D:6      | Reached skill level 8 in Necromancy
  7591 | D:6      | Reached skill level 5 in Stealth
  7591 | D:6      | Reached skill level 5 in Spellcasting
  7628 | D:6      | Noticed Prince Ribbit
  8260 | D:7      | Gained mutation: You have claws for hands. [demonic
                  | ancestry]
  8260 | D:7      | Reached XP level 8. HP: 49/52 MP: 15/15
  8273 | D:7      | Reached skill level 1 in Unarmed Combat
  8962 | D:7      | HP: 2/52 [orc warrior/+0 mace (10)]
  8963 | D:7      | Mangled by an orc warrior

Illustrated notes

Levels and vault maps discovered:
D:1:      eino_arrival_druids_welcome, layout_loops_ring,
          hellmonk_ecumenical_altar_crossroads
D:2:      layout_rooms, uniq_robin
D:3:      kennysheep_six_static_rooms, layout_basic, serial_glass,
          glass_columns_a, glass_columns_b, uniq_jessica
D:4:      layout_loops_corners, gammafunk_temple_of_torment,
          jmf_multi_god_temple, serial_shops, shop, kennysheep_generic_room_14
D:5:      layout_basic, trog_three_pillars_becter,
          minmay_temple_entry_purple_smoke, serial_shops, nicolae_shop_trees,
          kennysheep_mini_moat, minmay_crystal_room, nicolae_sextant,
          hellmonk_bongcloud_opening, uniq_blork_the_orc, uniq_sigmund
D:6:      layout_loops_ring, uniq_prince_ribbit1, uniq_menkaure
D:7:      layout_cave_pools

Skill      XL: |  1  2  3  4  5  6  7  8 |
---------------+-------------------------+-----
Necromancy     | 5 6 7 8 |  8.6
Spellcasting   | 3 4 5 |  5.6
Stealth        | 2 3 5 |  5.8
Unarmed Combat | 2 |  2.4
Dodging        | |  1.7

Action                   |  1- 3 |  4- 6 |  7- 9 || total
-------------------------+-------+-------+-------++-------
Melee: Short sword       |    16 |       |       ||    16
       Dagger            |    16 |    16 |   115 ||   147
       Punch             |       |       |     2 ||     2
Throw: Stone             |     1 |       |       ||     1
 Cast: Pain              |    66 |   102 |    61 ||   229
       Vampiric Draining |       |       |     7 ||     7
Invok: Sacrifice Essence |       |       |     1 ||     1
  Use: Potion            |     1 |       |       ||     1
       Scroll            |       |       |     8 ||     8
Armor: Robe              |    18 |     3 |    18 ||    39
Dodge: Dodged            |    56 |    19 |    78 ||   153

Table legend: (Time is in decaauts)
 A = Elapsed time spent in this place.
 B = Non-inter-level travel time spent in this place.
 C = Inter-level travel time spent in this place.
 D = Time resting spent in this place.
 E = Time spent auto-exploring this place.
 F = Levels seen in this place.
 G = Mean time per level.
                   A        B        C        D        E       F      G
               +--------+--------+--------+--------+--------+-----+--------+
         Total |   8990 |   8762 |    228 |   3614 |   2169 |   7 | 1284.3 |
       Dungeon |   8990 |   8762 |    228 |   3614 |   2169 |   7 | 1284.3 |
               +--------+--------+--------+--------+--------+-----+--------+

Top non-repeatable levels by time:
     D:4: 2008 daAuts
     D:1: 1985 daAuts
     D:6: 1336 daAuts
     D:5: 1284 daAuts
     D:3: 1056 daAuts
     D:7: 736 daAuts
     D:2: 583 daAuts
